 Dungeon Crawl Stone Soup version 0.31-a0-986-g5e6e4ef867 (webtiles) character file.

Game seed: 11914198535953852100

50871 wildpjah the Severer (level 14, -1/130 HPs)
             Began as a Minotaur Fighter on Nov 21, 2023.
             Was a High Priest of Okawaru.
             Engulfed by a steam dragon's steam (7 damage)
             ... on level 5 of the Lair of Beasts.
             The game lasted 00:40:37 (18013 turns).

wildpjah the Severer (Minotaur Fighter)            Turns: 18013, Time: 00:40:37

Health: -1/130     AC: 31    Str: 33    XL:     14   Next: 21%
Magic:  14/14      EV: 15    Int: 10    God:    Okawaru [*****.]
Gold:   1028       SH:  5    Dex: 17    Spells: 13/13 levels left

rFire   x x .        j - +7 executioner's axe of Pofum {flame, +Blink rF- Will- rCorr}
rCold   + . .        (shield currently unavailable)
rNeg    + . .        h - +8 ice dragon scales of Daffodils {rF- rC++ Str+2}
rPois   .            Q - +0 hat {Will+}
rElec   .            r - +2 cloak of the Lotus Blossom {Harm rN+}
rCorr   +            i - +3 pair of gauntlets of War {Slay+5}
SInv    .            t - +0 pair of boots
Will    +....        T - amulet "Kaokk" {Reflect Int+5 SH+5}
Stlth   ++           Y - +6 ring of strength
HPRegen 0.41/turn    V - ring "Lyjuam" {Dex+6 Stlth+}
MPRegen 0.14/turn

%: harm (+30% outgoing, +20% incoming), reflection
@: lethally poisoned (-1 -> -1), marked, hasted and slowed
A: horns 2, retaliatory headbutt, screaming 1, wild magic 1, cold vulnerability
1
a: Renounce Religion, Evoke Blink, Heroism, Finesse, Duel


You were on level 5 of the Lair of Beasts.
You worshipped Okawaru.
Okawaru was extremely pleased with you.
You visited 3 branches of the dungeon, and saw 17 of its levels.
You also visited: Sewer, Bailey and Gauntlet.

You collected 1028 gold pieces.

Inventory:

Hand Weapons
 a - a +0 war axe of freezing
 d - a +0 whip of freezing
 j - the +7 executioner's axe of Pofum (weapon) {flame, +Blink rF- Will- rCorr}
   (Okawaru gifted it to you on level 2 of the Lair of Beasts)

   rF-:       It makes you vulnerable to fire.
   Will-:     It decreases your willpower.
   +Blink:    It lets you blink.
   rCorr:     It protects you from acid and corrosion.
 E - a +2 flail of draining
 G - a +0 demon whip of pain
Missiles
 u - 5 javelins
 y - a throwing net
 L - 12 silver javelins
 U - 3 atropa-tipped darts
Armour
 h - the +8 ice dragon scales of Daffodils (worn) {rF- rC++ Str+2}
   (You took it off a minotaur in a Gauntlet)

   Str+2:     It affects your strength (+2).
   rF-:       It makes you vulnerable to fire.
   rC++:      It greatly protects you from cold.
 i - the +3 pair of gauntlets of War (worn) {Slay+5}
   (You found it in a Gauntlet)

   Slay+5:    It affects your accuracy & damage with ranged weapons and melee
   (+5).
 l - the +3 plate armour "Mestumer" {+Inv rF+ Str-3 Dex+6}
   (You found it in a Gauntlet)

   Str-3:     It affects your strength (-3).
   Dex+6:     It affects your dexterity (+6).
   rF+:       It protects you from fire.
   +Inv:      It lets you turn invisible.
 p - an orb of wrath
 r - the +2 cloak of the Lotus Blossom (worn) {Harm rN+}
   (You found it in a Gauntlet)

   rN+:       It protects you from negative energy.
   Harm:      It increases damage dealt and taken.
 t - a +0 pair of boots (worn)
 M - a +2 tower shield of reflection
 Q - a +0 hat of willpower (worn)
 S - the +4 hat of Ukiuded {-Tele rC+++ Regen+}
   (You found it in a Gauntlet)

   rC+++:     It renders you almost immune to cold.
   -Tele:     It prevents most forms of teleportation.
   Regen+:    It increases your rate of health regeneration.
Jewellery
 N - a +4 ring of protection
 P - a ring of see invisible
 R - the amulet of Osuob {Faith -Cast Dex+4}
   (You found it on level 9 of the Dungeon)

   [amulet of faith]

   Faith:     It allows you to gain divine favour quickly.
   Dex+4:     It affects your dexterity (+4).
   -Cast:     It prevents spellcasting.
 T - the amulet "Kaokk" (around neck) {Reflect Int+5 SH+5}
   (You found it in a Gauntlet)

   [amulet of reflection]

   Reflect:   It reflects blocked missile attacks.
   Int+5:     It affects your intelligence (+5).
   SH+5:      It affects your SH (+5).
 V - the ring "Lyjuam" (right hand) {Dex+6 Stlth+}
   (You found it in a Gauntlet)

   [ring of dexterity]

   Dex+6:     It affects your dexterity (+6).
   Stlth+:    It makes you more stealthy.
 W - a ring of willpower
 Y - a +6 ring of strength (left hand)
Wands
 e - a wand of quicksilver (14)
 B - a wand of flame (23)
 H - a wand of roots (30)
Scrolls
 b - 4 scrolls of silence
 c - 2 scrolls of fog
 f - 3 scrolls of amnesia
 g - 5 scrolls of vulnerability
 m - 9 scrolls of teleportation
 n - 2 scrolls of enchant weapon
 q - 5 scrolls of fear
 v - 5 scrolls of enchant armour
 I - 3 scrolls of poison
 O - a scroll of immolation
 X - 2 scrolls of revelation
 Z - 4 scrolls of blinking
Potions
 k - a potion of invisibility
 o - 2 potions of magic
 s - 4 potions of mutation
 w - 3 potions of haste
 x - 3 potions of cancellation
 z - 4 potions of brilliance {unknown}
 A - 4 potions of berserk rage {unknown}
 C - 3 potions of heal wounds {unknown}
 D - 2 potions of lignification {unknown}
 F - 3 potions of attraction
 J - a potion of ambrosia
 K - 8 potions of curing


   Skills:
 + Level 13.7 Fighting
 + Level 20.1 Axes
 + Level 0.9 Throwing
 + Level 12.2 Armour
 + Level 7.8 Dodging
 + Level 2.6 Stealth
 + Level 9.8 Shields
 + Level 1.6 Invocations


You had 13 spell levels left.
You didn't know any spells.
Your spell library contained the following spells:

 Spells                   Type           Power      Damage    Failure   Level
 Foxfire                  Conj/Fire      0%         2x1d4     65%         1
 Kiss of Death            Conj/Necr      0%         2d5       65%         1
 Confusing Touch          Hex            0%         N/A       95%         3
 Dispel Undead            Necr           0%         3d6       100%        4
 Manifold Assault         Tloc           0%         N/A       100%        4
 Dispersal                Tloc           0%         N/A       100%        6
 Plasma Beam              Fire/Air       0%         2x1d10    100%        6
 Starburst                Conj/Fire      0%         6d3       100%        6
 Disjunction              Tloc           0%         N/A       100%        8


Dungeon Overview and Level Annotations

Branches:
Dungeon (11/15)            Temple (1/1) D:7            Lair (5/5) D:11
 Shoals (0/4) Lair:2        Snake (0/4) Lair:2        Slime (0/5) Lair:5
    Orc (0/2) D:10          Sewer (visited)          Bailey (visited)
Gauntlet (visited)

Altars:
Ashenzari
Cheibriados
Dithmenos
Elyvilon
Fedhas
Gozag
Hepliaklqana
Kikubaaqudgha
Makhleb
Nemelex Xobeh
Okawaru
Qazlal
Ru
Sif Muna
Trog
Uskayaw
Vehumet
Wu Jian
Xom
Yredelemnul
Zin
The Shining One

Annotations:
Lair:1 exclusion: oklob plant


Innate Abilities, Weirdness & Mutations

You have a pair of horns on your head.
You reflexively headbutt those who attack you in melee.
You occasionally shout uncontrollably at your foes.
Your spells are a little harder to cast, but a little more powerful.
You are vulnerable to cold. (rC-)


Message History

You hit the black mamba. You burn the black mamba.
You kill the black mamba!
Okawaru accepts your kill.
You slice the dream sheep!! You burn the dream sheep.
You kill the dream sheep!
Okawaru accepts your kill.
You slash the dream sheep! You burn the dream sheep.
You slash the komodo dragon! You burn the komodo dragon.
You kill the komodo dragon!
Okawaru accepts your kill.
You feel sick. The dream sheep misses you.
The wyvern bites you but does no damage.
You slice the torpor snail!! You burn the torpor snail!
The torpor snail is severely wounded.
You slash the yak! You burn the yak. You slash the dream sheep!
You burn the dream sheep.
You kill the dream sheep!
Okawaru accepts your kill.
You slash the wyvern! You burn the wyvern.
You feel sick. The wyvern bites you!
* * * LOW HITPOINT WARNING * * *
You block the yak's attack.
The torpor snail bites you but does no damage.
A lindwurm comes into view.
The wyvern closely misses you. You furiously retaliate!
You headbutt the wyvern!!
You kill the wyvern!
Okawaru accepts your kill.
You hit the torpor snail but do no damage.
You headbutt the torpor snail.
The torpor snail is severely wounded.
You hit the yak. You burn the yak.
You feel sick. You block the yak's attack.
The torpor snail completely misses you. You furiously retaliate!
You headbutt the torpor snail! The yak gores you but does no damage.
The steam dragon breathes steam at you. The ball of steam hits you!
The steam scalds you terribly!
* * * LOW HITPOINT WARNING * * *
You feel sick.
You feel yourself speed up.
You are engulfed in a cloud of scalding steam.
You die...

.## ##.......P....####
.... ..................
...#+...##............
#.....###............
#..... #............
#§..###............
##§§................
#..§................
#w§@#..#............
#†§####.............
#....†DY.##.............
.........................
..........##......###.
.......#.#.##..####
......# #k## ### ...... .
.....# ..


You could see a torpor snail and a steam dragon (catching breath).

Vanquished Creatures
  Kirke (Lair:4)
  A balrug (Gauntlet)
  A minotaur (Gauntlet)
  2 vault guards (Bailey)
  Fannar (Lair:2)
  2 hydras
  Erica (Lair:2)
  2 catoblepae
  2 two-headed ogres
  8 death yaks (Lair:2)
  Amaemon (Lair:2)
  A fire crab (Gauntlet)
  A skyshark (Lair:3)
  A lindwurm (Lair:3)
  Pikel (D:6)
  8 black mambas
  9 cane toads
  An eye of devastation (Lair:5)
  A water nymph (Lair:2)
  A torpor snail (Gauntlet)
  Maggie (D:8)
  A gargoyle (D:11)
  An orange demon (Lair:2)
  An unseen horror (D:10)
  An unseen horror zombie (D:8)
  9 komodo dragons
  A rime drake (Lair:5)
  2 trolls
  Jeremiah (D:7)
  3 hornets
  A polar bear (Lair:3)
  Prince Ribbit (Bailey)
  6 dream sheep (Lair:5)
  4 blink frogs (Lair:5)
  A glass eye (Lair:5)
  6 slime creatures (D:9)
  A flying skull (D:9)
  A shadow (D:9)
  A spriggan (D:8)
  8 wyverns
  36 yaks
  A vampire (D:7)
  5 fire bats (Gauntlet)
  6 hogs (Lair:4)
  5 humans
  3 basilisks (Lair:1)
  A steam dragon (Lair:2)
  Edmund (D:5)
  Menkaure (D:5)
  3 nagas (Lair:2)
  3 acid dragons
  5 water moccasins
  3 hell hounds (Gauntlet)
  An ice beast (D:6)
  An elephant zombie (D:9)
  An orc warrior (D:10)
  A sky beast (D:7)
  4 black bears
  2 hornet zombies (D:8)
  5 ogres
  23 wolves
  5 centaurs
  9 kobold brigands
  3 lemures
  2 phantoms
  23 bullfrogs
  3 gnoll sergeants
  5 scorpions
  2 wyvern zombies (D:8)
  18 wights
  5 electric eels
  2 howler monkeys
  5 centaur zombies
  8 hounds
  7 orc priests
  Crazy Yiuf (D:7)
  A gnoll bouda (D:7)
  2 sleepcaps (D:5)
  4 iguanas
  Ijyb (D:3)
  7 orc wizards
  3 scorpion zombies (D:9)
  Natasha (thrice) (D:4)
  3 killer bee zombies
  An ogre zombie (D:9)
  4 hound zombies (D:9)
  A howler monkey zombie (D:9)
  Robin (D:3)
  21 gnolls
  12 adders
  2 ufetubi (D:5)
  An adder zombie (D:9)
  A worm (D:3)
  5 dart slugs
  33 orcs
  8 endoplasms
  9 giant cockroaches
  14 goblins
  9 hobgoblins
  2 jackals (D:3)
  3 quokkas
  11 ball pythons
  6 bats
  6 frilled lizards
  28 kobolds
  7 rats
515 creatures vanquished.

Notes
Turn   | Place    | Note
-------+----------+-------------------------------------------
     0 | D:1      | wildpjah the Minotaur Fighter began the quest for the Orb.
     0 | D:1      | Reached XP level 1. HP: 19/19 MP: 0/0
    91 | D:1      | Reached XP level 2. HP: 27/27 MP: 1/1
   230 | D:1      | Reached skill level 3 in Axes
   749 | D:2      | Reached XP level 3. HP: 32/33 MP: 2/2
   772 | D:2      | Found a sparkling altar of Nemelex Xobeh.
  1446 | D:2      | Reached skill level 4 in Axes
  1446 | D:2      | Reached XP level 4. HP: 39/40 MP: 3/3
  1707 | D:3      | Noticed Robin
  1708 | D:3      | Noticed Ijyb
  1719 | D:3      | Killed Ijyb
  1720 | D:3      | Killed Robin
  1842 | D:3      | Reached skill level 5 in Axes
  1842 | D:3      | Reached XP level 5. HP: 45/46 MP: 1/4
  1876 | D:3      | Noticed an ogre
  1883 | D:3      | Killed an ogre
  1884 | D:3      | Reached skill level 1 in Dodging
  1884 | D:3      | Reached XP level 6. HP: 35/53 MP: 0/5
  2047 | D:3      | Found an opulent altar of Gozag.
  2187 | D:3      | Reached skill level 6 in Axes
  2194 | D:3      | Reached skill level 5 in Armour
  2551 | D:3      | Found a faded altar of an unknown god.
  2622 | D:4      | Noticed Natasha
  2647 | D:4      | Killed Natasha
  2770 | D:4      | Found a glowing drain.
  2791 | Sewer    | Entered a sewer
  3133 | Sewer    | Reached skill level 7 in Axes
  3133 | Sewer    | Reached XP level 7. HP: 48/60 MP: 0/6
  3137 | Sewer    | Reached skill level 5 in Fighting
  3245 | Sewer    | Gained mutation: Your spells are a little harder to cast,
                  | but a little more powerful. [potion of mutation]
  3245 | Sewer    | Gained mutation: You occasionally shout uncontrollably at
                  | your foes. [potion of mutation]
  3245 | Sewer    | Gained mutation: You are vulnerable to cold. (rC-) [potion
                  | of mutation]
  3250 | Sewer    | Reached skill level 8 in Axes
  3641 | D:4      | Reached XP level 8. HP: 69/69 MP: 4/7
  3992 | D:4      | Noticed Natasha
  3998 | D:4      | Killed Natasha
  4175 | D:4      | Noticed Natasha
  4179 | D:4      | Killed Natasha
  4230 | D:5      | Entered Level 5 of the Dungeon
  4409 | D:5      | Reached skill level 9 in Axes
  4873 | D:5      | Reached skill level 10 in Axes
  5288 | D:6      | Noticed Menkaure
  5288 | D:6      | Noticed Edmund
  5357 | D:5      | Killed Edmund
  5489 | D:6      | Noticed Pikel
  5494 | D:5      | Killed Menkaure
  5495 | D:5      | Reached skill level 5 in Shields
  5495 | D:5      | Reached XP level 9. HP: 39/76 MP: 4/8
  5629 | D:6      | Killed Pikel
  5874 | D:6      | Reached skill level 11 in Axes
  6179 | D:6      | Identified the orb of the Mind {light, *Corrode rF+ Str+2
                  | Dex+3}
  6682 | D:7      | Found a staircase to the Ecumenical Temple.
  6691 | Temple   | Entered the Ecumenical Temple
  6722 | Temple   | Became a worshipper of Warmaster Okawaru
  6773 | D:7      | Reached skill level 5 in Dodging
  6779 | D:7      | Reached skill level 12 in Axes
  6913 | D:7      | Reached XP level 10. HP: 67/84 MP: 1/9
  6996 | D:7      | Reached skill level 1 in Stealth
  7001 | D:7      | You fall into a shaft and drop 1 floor!
  7061 | D:8      | Reached * piety under Okawaru
  7175 | D:7      | Found a flagged portal.
  7223 | Bailey   | Entered a bailey
  7564 | Bailey   | Noticed a vault guard
  7579 | Bailey   | Killed a vault guard
  7711 | Bailey   | Noticed Prince Ribbit
  7711 | Bailey   | Noticed a vault guard
  7721 | Bailey   | Killed Prince Ribbit
  7721 | Bailey   | Reached ** piety under Okawaru
  7722 | Bailey   | Killed a vault guard
  7723 | Bailey   | Reached skill level 13 in Axes
  8129 | D:7      | Noticed Jeremiah
  8146 | D:7      | Killed Jeremiah
  8370 | D:7      | Found a runed translucent door.
  8371 | D:7      | Noticed Crazy Yiuf
  8450 | D:7      | Killed Crazy Yiuf
  8659 | D:8      | Reached *** piety under Okawaru
  8663 | D:8      | Reached XP level 11. HP: 59/91 MP: 0/10
  8671 | D:8      | Noticed Maggie
  8679 | D:8      | Killed Maggie
  8960 | D:8      | Reached skill level 14 in Axes
  9190 | D:8      | Found a burning altar of Makhleb.
  9191 | D:8      | Found a stormy altar of Qazlal.
  9193 | D:8      | Found a shimmering altar of Xom.
  9194 | D:8      | Found a basalt altar of Yredelemnul.
  9195 | D:8      | Found a hazy altar of Hepliaklqana.
  9699 | D:9      | Reached **** piety under Okawaru
  9703 | D:9      | Noticed a two-headed ogre
  9717 | D:9      | Killed a two-headed ogre
  9968 | D:9      | Reached skill level 15 in Axes
 10052 | D:9      | Found a basalt altar of Yredelemnul.
 10059 | D:9      | Identified the amulet of Osuob {Faith -Cast Dex+4}
 10176 | D:9      | Found a blossoming altar of Fedhas.
 10394 | D:9      | Identified the +2 whip of Butchery {pain, Fly rPois Str+4
                  | Stlth+}
 10531 | D:10     | Entered Level 10 of the Dungeon
 10635 | D:10     | Reached ***** piety under Okawaru
 10733 | D:10     | Identified the +1 ring mail of Cisir {Will+ rCorr}
 10927 | D:10     | Reached skill level 10 in Fighting
 10936 | D:10     | Reached skill level 10 in Armour
 11198 | D:10     | Noticed a two-headed ogre
 11211 | D:10     | Killed a two-headed ogre
 11211 | D:10     | Received a gift from Okawaru
 11212 | D:10     | Reached XP level 12. HP: 47/108 MP: 0/11
 11393 | D:10     | Found a staircase to the Orcish Mines.
 11566 | D:11     | Found a staircase to the Lair.
 11758 | D:11     | Identified the +3 dagger "Wigoh" {freeze, rN+ Will+ Int+2}
 12557 | D:11     | Reached skill level 16 in Axes
 12642 | Lair:1   | Entered Level 1 of the Lair of Beasts
 12726 | Lair:1   | Found a snail-covered altar of Cheibriados.
 14057 | Lair:2   | Found a staircase to the Shoals.
 14138 | Lair:2   | Reached ****** piety under Okawaru
 14142 | Lair:2   | Acquired the +4 plate armour of Hedging {*Corrode rPois
                  | rF+}
 14142 | Lair:2   | Received a gift from Okawaru
 14156 | Lair:2   | Acquired the +7 executioner's axe of Pofum {flame, +Blink
                  | rF- Will- rCorr}
 14156 | Lair:2   | Received a gift from Okawaru
 14432 | Lair:2   | Noticed a death yak
 14433 | Lair:2   | Noticed a death yak
 14434 | Lair:2   | Noticed a death yak
 14434 | Lair:2   | Noticed a death yak
 14435 | Lair:2   | Noticed a death yak
 14435 | Lair:2   | Noticed a death yak
 14436 | Lair:2   | Noticed a death yak
 14444 | Lair:2   | Noticed a catoblepas
 14450 | Lair:2   | Noticed a death yak
 14454 | Lair:2   | Killed a catoblepas
 14454 | Lair:2   | Received a gift from Okawaru
 14475 | Lair:2   | Killed a death yak
 14477 | Lair:2   | Noticed Amaemon
 14480 | Lair:2   | Killed a death yak
 14481 | Lair:2   | Reached skill level 1 in Invocations
 14481 | Lair:2   | Killed a death yak
 14481 | Lair:2   | Noticed Erica
 14483 | Lair:2   | Killed a death yak
 14486 | Lair:2   | Killed Amaemon
 14487 | Lair:2   | Reached skill level 17 in Axes
 14487 | Lair:2   | Killed a death yak
 14488 | Lair:2   | Killed a death yak
 14490 | Lair:2   | Killed a death yak
 14492 | Lair:2   | Killed Erica
 14492 | Lair:2   | Received a gift from Okawaru
 14493 | Lair:2   | Reached XP level 13. HP: 90/117 MP: 0/13
 14747 | Lair:2   | Found a staircase to the Snake Pit.
 15142 | Lair:3   | Noticed Fannar
 15149 | Lair:2   | Killed Fannar
 15233 | Lair:3   | Reached skill level 18 in Axes
 15235 | Lair:3   | Received a gift from Okawaru
 15249 | Lair:3   | Found a gate leading to a gauntlet.
 15274 | Gauntlet | Entered a Gauntlet
 15274 | Gauntlet | Found a transporter.
 15274 | Gauntlet | Found a transporter.
 15462 | Gauntlet | Found a transporter.
 15475 | Gauntlet | Found a transporter.
 15493 | Gauntlet | Found a transporter.
 15493 | Gauntlet | Found a transporter.
 15493 | Gauntlet | Found a transporter.
 15495 | Gauntlet | Found a transporter.
 15495 | Gauntlet | Found a transporter.
 15508 | Gauntlet | Found a transporter.
 15523 | Gauntlet | Found a runed translucent gate.
 15524 | Gauntlet | Found a transporter.
 15524 | Gauntlet | Found a runed translucent gate.
 15525 | Gauntlet | Found a runed translucent gate.
 15526 | Gauntlet | Noticed a balrug
 15534 | Gauntlet | Found a transporter.
 15548 | Gauntlet | Found a transporter.
 15568 | Gauntlet | Found a transporter.
 15603 | Gauntlet | Identified the +4 hat of Ukiuded {-Tele rC+++ Regen+}
 15912 | Gauntlet | Identified the amulet "Kaokk" {Reflect Int+5 SH+5}
 15939 | Gauntlet | Killed a balrug
 15944 | Gauntlet | Identified the +2 cloak of the Lotus Blossom {Harm rN+}
 16080 | Gauntlet | Identified the +8 ice dragon scales of Daffodils {rF- rC++
                  | Str+2}
 16080 | Gauntlet | Noticed a minotaur
 16081 | Gauntlet | Found the +3 pair of gauntlets of War {Slay+5}
 16088 | Gauntlet | Killed a minotaur
 16089 | Gauntlet | Identified the +3 plate armour "Mestumer" {+Inv rF+ Str-3
                  | Dex+6}
 16131 | Gauntlet | Identified the ring "Lyjuam" {Dex+6 Stlth+}
 16993 | Lair:4   | Reached skill level 19 in Axes
 17381 | Lair:4   | Noticed Kirke
 17388 | Lair:4   | Received a gift from Okawaru
 17391 | Lair:4   | Killed Kirke
 17512 | Lair:4   | Identified the +3 spear of the Mauling Seer {flame, rC+
                  | Int+4 Dex-4}
 17719 | Lair:5   | Entered Level 5 of the Lair of Beasts
 17794 | Lair:5   | Found a staircase to the Slime Pits.
 17803 | Lair:5   | Reached XP level 14. HP: 129/129 MP: 14/14
 18002 | Lair:5   | Received a gift from Okawaru
 18008 | Lair:5   | Reached skill level 20 in Axes
 18012 | Lair:5   | HP: 6/130 [poisoned by a black mamba]
 18013 | Lair:5   | Engulfed by a steam dragon's steam

Illustrated notes

Levels and vault maps discovered:
D:1:      dpeg_arrival_renting, layout_basic, chequers_garden
D:2:      cheibrodos_helix_gallery, layout_basic, basic_altar
D:3:      layout_rooms, grunt_gozag_statues,
          shapermc_ecumenical_altar_mp_vishouse, chequers_serial_rivers_large_b,
          kennysheep_decorative_pillar, nicolae_goblin_pals
D:4:      minmay_wonky_spiral, layout_loops_ring, gup_sewer_entry_glass,
          kennysheep_potato, uniq_natasha
D:5:      layout_loops_corners, minmay_tree_intersection, nicolae_tricolors
D:6:      layout_loops_ring, minmay_bent, uniq_menkaure, uniq_edmund, uniq_pikel
D:7:      layout_cave_pools, minmay_temple_entry_wispy, enter_bailey_2,
          uniq_crazy_yiuf_cottage, uniq_jeremiah
D:8:      layout_cave_pools, grunt_temple_overflow_open, serial_undead,
          serial_undead_d, serial_undead_c, serial_undead_d, serial_undead_a,
          the_hattery, uniq_maggie
D:9:      layout_basic, mainiacjoe_overflow_small_starburst,
          roadster_capsule_ark_zombie
D:10:     minmay_stone_box, layout_rooms, hiddenorc1_lemuel
D:11:     layout_grid_maze, erik_lair_island, chequers_serial_rivers_room_a
Temple:   regret_index_temple_waves
Lair:1:   layout_cave_pods, lemuel_oklob_altar, grunt_megastairs_1
Lair:2:   layout_gridlike, nicolae_shoals_entry_flooding,
          guppyfry_snake_entry_garden, nicolae_lair_grazing_beasts
          [nicolae_sub_lair_graze_edge, nicolae_sub_lair_graze_edge,
          nicolae_sub_lair_graze_edge, nicolae_sub_lair_graze_edge],
          serial_bayou_shore_b, uniq_amaemon, uniq_erica
Lair:3:   layout_roguey, serial_bayou, serial_bayou_pond_d,
          serial_bayou_shore_b, serial_bayou_pond_e, serial_bayou_shore_b,
          gauntlet_entry_generic, serial_bayou_lagoon_a, guppyfry_lair_drakes,
          serial_bayou_shore_b, lemuel_fruit_tree, grunt_megastairs_5,
          uniq_fannar
Lair:4:   layout_regular_city, infiniplex_staircase_pool_2, uniq_kirke
Lair:5:   cheibrodos_lair_end_hotspot, layout_regular_city,
          minmay_slime_entry_eyes

Skill      XL: |  1  2  3  4  5  6  7  8  9 10 11 12 13 14 |
---------------+-------------------------------------------+-----
Axes           | 3 4 5 7 8 10 12 13 15 17 19 20 | 20.1
Armour         | 4 5 6 7 8 9 10 11 12 | 12.2
Fighting       | 4 5 6 7 8 10 11 13 | 13.7
Shields        | 4 5 6 8 9 |  9.8
Dodging        | 1 2 3 5 6 7 |  7.8
Stealth        | 1 2 |  2.6
Invocations    | 1 |  1.6
Throwing       | |  0.9

Action                     |  1- 3 |  4- 6 |  7- 9 | 10-12 | 13-15 || total
---------------------------+-------+-------+-------+-------+-------++-------
  Melee: War axe           |    68 |   133 |   205 |   472 |       ||   878
         Headbutt          |     8 |    14 |    33 |   104 |    32 ||   191
         Executioner's axe |       |       |       |    38 |   164 ||   202
  Throw: Javelin           |       |       |     1 |     1 |       ||     2
         Dart              |       |       |       |     4 |       ||     4
         Throwing net      |       |       |       |       |     2 ||     2
 Invoke: Heroism           |       |       |       |     3 |     1 ||     4
         Finesse           |       |       |       |     1 |       ||     1
         Receive Weapon    |       |       |       |     1 |       ||     1
         Receive Armour    |       |       |       |     1 |       ||     1
  Evoke: Wand              |       |       |     1 |       |       ||     1
    Use: Potion            |       |     3 |     3 |     2 |     3 ||    11
         Scroll            |       |       |     4 |    12 |     3 ||    19
   Stab: Petrified         |       |       |       |     1 |       ||     1
         Sleeping          |       |       |       |       |     1 ||     1
 Armour: Scale mail        |    53 |    94 |   151 |   194 |       ||   492
         Plate armour      |       |       |       |    36 |   101 ||   137
         Acid dragon scale |       |       |       |     9 |       ||     9
         Ice dragon scales |       |       |       |       |    86 ||    86
  Dodge: Dodged            |    24 |    59 |   114 |   171 |   118 ||   486
  Block: Buckler           |    12 |    30 |    60 |    36 |       ||   138
         Kite shield       |       |       |       |   231 |       ||   231
         Reflection        |       |       |       |     3 |       ||     3
         Other             |       |       |       |       |    22 ||    22

Table legend: (Time is in decaauts)
 A = Elapsed time spent in this place.
 B = Non-inter-level travel time spent in this place.
 C = Inter-level travel time spent in this place.
 D = Time resting spent in this place.
 E = Time spent auto-exploring this place.
 F = Levels seen in this place.
 G = Mean time per level.
                   A        B        C        D        E       F      G
               +--------+--------+--------+--------+--------+-----+--------+
         Total |  18087 |  17561 |    526 |    867 |  14086 |  20 |  904.3 |
       Dungeon |  11202 |  10864 |    338 |    295 |   8966 |  11 | 1018.4 |
        Temple |     62 |      2 |     60 |      0 |      0 |   1 |   62.0 |
          Lair |   4492 |   4364 |    128 |    194 |   3557 |   5 |  898.4 |
         Sewer |    712 |    712 |      0 |      0 |    588 |   1 |  712.0 |
        Bailey |    743 |    743 |      0 |    196 |    438 |   1 |  743.0 |
      Gauntlet |    874 |    874 |      0 |    182 |    536 |   1 |  874.0 |
               +--------+--------+--------+--------+--------+-----+--------+

Top non-repeatable levels by time:
  Lair:1: 1402 daAuts
     D:5: 1379 daAuts
  Lair:2: 1171 daAuts
     D:9: 1169 daAuts
    D:11: 1079 daAuts
     D:3: 1070 daAuts
     D:6: 1054 daAuts
    D:10: 1016 daAuts
     D:8: 941 daAuts
     D:7: 926 daAuts
     D:4: 921 daAuts
     D:2: 893 daAuts
Gauntlet: 874 daAuts
  Lair:3: 827 daAuts
  Lair:4: 795 daAuts
